 Dungeon Crawl Stone Soup version 0.20.1-1-g8b1a95d (webtiles) character file.

84 Softman25 the Skirmisher (level 4, -5/50 HPs)
             Began as an Ogre Berserker on Sept 30, 2017.
             Was a Believer of Trog.
             Slain by a gnoll
             ... wielding a +0 whip
              (8 damage)
             ... while paralysed
             ... on level 2 of the Dungeon.
             The game lasted 00:03:27 (1962 turns).

Softman25 the Skirmisher (Ogre Berserker)           Turns: 1962, Time: 00:03:28

Health: -5/50      AC:  3    Str: 21    XL:     4   Next: 45%
Magic:  4/4        EV:  1    Int:  8    God:    Trog [**....]
Gold:   90         SH:  0    Dex:  9    Spells: 3/3 levels left

rFire    . . .     SeeInvis .   a - +0 mace
rCold    . . .     Gourm    .   (no shield)
rNeg     . . .     Faith    .   b - +0 animal skin
rPois    .         Spirit   .   (helmet restricted)
rElec    .         Reflect  .   (no cloak)
rCorr    .         Harm     .   (gloves unavailable)
MR       .....                  (boots unavailable)
Stlth    +.........             (no amulet)
Regen    0.2/turn               (no ring)
MPRegen  0.1/turn               (no ring)

@: paralysed, berserk cooldown, fainting, slowed
A: unfitting armour, tough skin 1
a: Berserk, Trog's Hand, Burn Spellbooks, Renounce Religion


You were on level 2 of the Dungeon.
You worshipped Trog.
Trog was pleased with you.
You were fainting.

You visited 1 branch of the dungeon, and saw 2 of its levels.

You collected 90 gold pieces.

Inventory:

Hand Weapons
 a - a +0 mace (weapon)
Missiles
 p - a throwing net (quivered)
Armour
 b - a +0 animal skin (worn)
Wands
 k - a wand of disintegration (11/24)
Scrolls
 d - a scroll of immolation {unknown}
 g - a scroll of identify {unknown}
 l - a scroll of enchant weapon {unknown}
 m - a scroll of blinking {unknown}
 o - a scroll of fog {unknown}
Potions
 e - 2 potions of haste {unknown}
 f - 2 potions of magic {unknown}
 i - a potion of curing {unknown}
 n - a potion of agility {unknown}
Comestibles
 c - 2 bread rations
 h - a meat ration
 j - 2 royal jellies


   Skills:
 + Level 5.5 Fighting
 + Level 3.8 Maces & Flails
 - Level 2.6 Dodging


You had 3 spell levels left.
You didn't know any spells.

Dungeon Overview and Level Annotations

Branches:
Dungeon (2/15)

Altars:


Innate Abilities, Weirdness & Mutations

You are too large for most types of armour.
You have tough skin. (AC +1)


Message History

The gnoll is severely wounded.
The gnoll hits you.
You hit the gnoll but do no damage.
The gnoll is severely wounded.
You hit the gnoll.
You kill the gnoll!
Trog accepts your kill.
You lose consciousness!
The gnoll hits you but does no damage. The gnoll hits you with a whip. x3
The gnoll hits you but does no damage.
You are no longer berserk.
You feel yourself slow down. The gnoll hits you with a whip.
* * * LOW HITPOINT WARNING * * *
The gnoll hits you with a whip!
* * * LOW HITPOINT WARNING * * *
The gnoll hits you with a whip.
* * * LOW HITPOINT WARNING * * *
The gnoll hits you with a whip!
You die...

#####################
#............@ggg....
#.############################
#.# #...).....##..............
#.###.#######.##.######.......
#[#.....#.###.##.######.######
####.#.#.#.#.................#
.....#.#.#.#.###.##.######.#.# ##
####.#.#.#...# #....# #.#.# #.
.....#.#.#################.#.###.


You could see 3 gnolls.

Vanquished Creatures
  A gnoll (D:2)
  An adder (D:2)
  An ooze (D:1)
  3 dart slugs (D:1)
  4 leopard geckos
  4 giant cockroaches (D:1)
  4 goblins
  7 hobgoblins
  9 jackals (D:1)
  2 ball pythons
  3 bats (D:1)
  2 frilled lizards (D:1)
  A kobold (D:1)
  3 rats (D:1)
45 creatures vanquished.

Notes
Turn   | Place    | Note
-------+----------+-------------------------------------------
     0 | D:1      | Softman25 the Ogre Berserker began the quest for the Orb.
     0 | D:1      | Reached XP level 1. HP: 24/24 MP: 1/1
   211 | D:1      | Reached XP level 2. HP: 30/33 MP: 2/2
   767 | D:1      | Reached XP level 3. HP: 37/40 MP: 3/3
   906 | D:1      | Reached ** piety under Trog
  1081 | D:1      | Reached skill level 5 in Fighting
  1301 | D:1      | Reached XP level 4. HP: 33/50 MP: 4/4
  1954 | D:2      | Paralysed by fainting for 11 turns
  1962 | D:2      | Slain by a gnoll

Skill      XL: |  1  2  3 |
---------------+----------+-----
Maces & Flails | 3 |  3.8
Fighting       | 5 |  5.5
Dodging        | |  2.6

Action                   |  1- 3 |  4- 6 || total
-------------------------+-------+-------++-------
Melee: Mace              |   156 |    24 ||   180
Invok: Berserk           |     1 |     1 ||     2
 Stab: Sleeping          |     1 |       ||     1
  Eat: Chunk             |     2 |     1 ||     3
Armor: Animal skin       |    46 |     4 ||    50
Dodge: Dodged            |   102 |    10 ||   112
